Map: Odyssey LE

Players

Nice

  • Race: Protoss Protoss
  • Spawn Location: 11:00

Jig - Winner!

  • Race: Zerg Zerg
  • Spawn Location: 5:00

Event: WCS Montreal 2017

VOD

Have the link to the VOD?

Description

Time

  • Played on: Sept. 8, 2017, 11:58 a.m.
  • Length: 13:31

All games in this series

Show
View Real Time Build Order
Export as new Build Order

Nice Protoss 

Build Orders: 1 Gate Expand, Oracle Opening 

Get SALT Encoding   

  12  0:01  Probe (Chrono Boost)  
  13  0:11  Probe (Chrono Boost)  
  14  0:18  Pylon  
  14  0:22  Probe (Chrono Boost)  
  15  0:36  Probe (Chrono Boost)  
  15  0:40  Gateway  
  16  0:47  Probe (Chrono Boost)  
  16  0:48  Assimilator  
  17  0:57  Probe (Chrono Boost)  
  18  1:08  Probe (Chrono Boost)  
  20  1:18  Probe (Chrono Boost)  
  20  1:26  Nexus  
  20  1:33  Cybernetics Core  
  20  1:36  Probe (Chrono Boost)  
  21  1:42  Assimilator  
  21  1:47  Probe (Chrono Boost)  
  21  1:51  Pylon  
  22  1:57  Probe (Chrono Boost)  
  23  2:09  Probe (Chrono Boost)  
  23  2:15  Stargate  
  24  2:19  Probe (Chrono Boost), Adept (Chrono Boost)  
  27  2:29  Warp Gate  
  27  2:31  Probe  
  27  2:37  Probe  
  28  2:43  Probe, Adept (Chrono Boost)  
  31  2:47  Probe  
  32  2:54  Pylon  
  32  2:55  Probe  
  33  3:01  Probe, Oracle (Chrono Boost)  
  37  3:07  Probe  
  37  3:11  Gateway  
  38  3:16  Pylon  
  38  3:26  Probe  
  37  3:31  Probe  
  37  3:33  Pylon  
  38  3:39  Probe, Void Ray (Chrono Boost)  
  43  3:42  Probe  
  44  3:51  Probe  
  44  3:52  Probe  
  46  4:03  Probe x2  
  46  4:05  Nexus  
  46  4:09  Pylon  
  48  4:13  Probe  
  48  4:15  Probe  
  50  4:20  Assimilator  
  50  4:22  Oracle (Chrono Boost)  
  50  4:24  Probe  
  53  4:29  Probe  
  55  4:33  Robotics Facility  
  55  4:34  Probe  
  56  4:41  Probe  
  56  4:43  Assimilator  
  57  4:54  Probe  
  57  4:55  Forge  
  57  4:57  Twilight Council, Mothership Core (Chrono Boost)  
  60  5:00  Pylon  
  60  5:06  Probe (Chrono Boost)  
  61  5:10  Pylon  
  61  5:17  Probe (Chrono Boost), Gateway  
  61  5:18  Probe (Chrono Boost)  
  61  5:19  Probe (Chrono Boost)  
  61  5:20  Gateway  
  64  5:26  Probe (Chrono Boost), Immortal (Chrono Boost)  
  65  5:29  Sentry  
  65  5:30  Sentry  
  65  5:32  Probe x2  
  75  5:43  Protoss Ground Weapons Level 1 (Chrono Boost)  
  75  5:51  Gateway x2  
  75  5:52  Probe  
  75  5:53  Probe x2  
  75  5:55  Sentry  
  80  5:58  Pylon  
  80  6:03  Pylon  
  80  6:04  Probe, Charge  
  80  6:05  Probe x2  
  83  6:16  Phoenix (Chrono Boost)  
  83  6:17  Probe  
  90  6:22  Zealot x4  
  90  6:25  Photon Cannon  
  94  6:35  Photon Cannon  
  94  6:38  Phoenix (Chrono Boost)  
  88  6:54  Probe x2  
  88  6:55  Probe  
  88  6:56  Zealot x3  
  88  6:57  Zealot x2  
  88  7:00  Phoenix (Chrono Boost)  
  103  7:04  Immortal  
  103  7:06  Probe x2  
  103  7:07  Probe  
  110  7:17  Pylon  
  110  7:18  Probe, Pylon  
  110  7:19  Templar Archives  
  110  7:20  Probe x2, Colossus  
  110  7:25  Pylon  
  110  7:30  Probe  
  110  7:31  Stalker x3  
  110  7:32  Probe  
  116  7:42  Immortal  
  120  7:51  Protoss Ground Weapons Level 2 (Chrono Boost)  
  120  7:52  Gateway x2, Pylon  
  120  7:54  Pylon  
  120  7:59  Pylon  
  116  8:09  High Templar x2  
  116  8:10  Zealot x4  
  126  8:13  Archon  
  126  8:17  Warp Prism  
  123  8:20  Photon Cannon  
  123  8:22  Photon Cannon  
  123  8:34  High Templar x2, Zealot x2  
  127  8:40  Archon  
  131  8:47  Zealot x2  
  115  8:56  Assimilator  
  115  8:57  High Templar  
  115  8:58  High Templar, Assimilator  
  115  9:00  Photon Cannon  
  115  9:01  Archon  
  119  9:02  Zealot  
  119  9:03  Zealot  
  123  9:10  Zealot x4  
  131  9:24  Zealot x2  
  131  9:30  Mothership Core (Chrono Boost)  
  127  9:31  Stalker x2  
  117  9:38  Zealot x4  
  117  9:41  Photon Cannon  
  122  9:45  Photon Cannon  
  122  9:47  Photon Cannon  
  122  9:49  Photon Cannon  
  114  9:55  Photon Cannon  
  106  10:15  Stalker x7  
  106  10:17  Blink (Chrono Boost)  
  108  10:23  Stalker  
  86  10:38  Stalker x4  
  86  10:41  Stalker  
  96  11:00  Cybernetics Core  
  96  11:02  Zealot x4  
  104  11:21  Pylon  
  104  11:25  Pylon  
  101  11:37  Pylon  
  101  11:39  Stalker  
  99  11:47  Pylon  
  99  11:53  Templar Archives  
  87  12:06  Stalker x2  
  87  12:07  Stalker x2  
  95  12:18  Stalker x3  
  88  12:36  Stalker x3  
  88  12:41  Stalker x3  
  88  12:42  Stalker  
  82  13:08  High Templar x3  
  82  13:09  High Templar, Stalker  
  82  13:10  Stalker x2  
  89  13:15  Archon x2  
  89  13:17  Photon Cannon  
Show
View Real Time Build Order
Export as new Build Order

Jig Zerg - Winner!

Build Orders: Pool First 

Get SALT Encoding   

  12  0:00  Drone  
  13  0:12  Overlord  
  13  0:16  Drone  
  14  0:31  Drone x2  
  16  0:36  Drone  
  17  0:42  Extractor  
  17  0:45  Spawning Pool  
  17  0:49  Drone  
  16  1:00  Drone  
  17  1:16  Hatchery  
  16  1:20  Drone  
  16  1:24  Drone  
  18  1:35  Queen  
  20  1:43  Overlord  
  20  1:50  Metabolic Boost  
  20  1:54  Zergling x2  
  21  1:58  Zergling x2  
  22  2:06  Zergling x2  
  23  2:11  Queen  
  25  2:17  Drone  
  25  2:21  Baneling Nest  
  25  2:29  Overlord  
  26  2:34  Drone x2  
  28  2:43  Drone x4  
  32  2:48  Drone  
  33  2:53  Lair  
  33  2:57  Drone  
  34  2:59  Drone  
  34  3:05  Drone  
  36  3:10  Drone  
  36  3:14  Drone  
  36  3:17  Extractor x2, Drone  
  36  3:18  Extractor, Drone  
  36  3:26  Drone x4  
  38  3:32  Spore Crawler  
  38  3:34  Drone x2  
  41  3:42  Spore Crawler  
  41  3:47  Hatchery  
  39  3:56  Drone x2  
  39  3:57  Drone x2  
  39  4:02  Spire  
  42  4:06  Drone  
  42  4:07  Drone  
  44  4:13  Overlord  
  44  4:16  Overlord  
  44  4:26  Overlord  
  44  4:28  Overlord  
  44  4:32  Extractor  
  44  4:33  Extractor, Drone x2  
  44  4:35  Drone x4  
  44  4:36  Drone  
  49  4:43  Overlord  
  49  4:44  Hydralisk Den  
  48  4:46  Evolution Chamber  
  48  4:51  Drone x2  
  49  5:02  Drone x4  
  49  5:03  Drone x3  
  49  5:05  Overseer  
  56  5:13  Queen  
  58  5:14  Spore Crawler  
  58  5:16  Zerg Flyer Weapons Level 1  
  56  5:23  Mutalisk x3  
  59  5:29  Mutalisk  
  61  5:36  Drone x5  
  61  5:39  Mutalisk  
  68  5:45  Overlord  
  68  5:48  Mutalisk  
  70  5:58  Mutalisk  
  70  6:00  Drone x2  
  70  6:02  Extractor x2  
  70  6:03  Drone x2  
  70  6:04  Drone x5  
  77  6:06  Mutalisk  
  77  6:10  Overlord  
  81  6:15  Overlord  
  81  6:25  Overlord x2  
  80  6:33  Overlord  
  80  6:39  Overlord  
  78  6:55  Corruptor x7  
  78  7:00  Drone x6  
  98  7:03  Mutalisk  
  98  7:05  Overlord  
  100  7:19  Zerg Flyer Armor Level 1  
  100  7:21  Mutalisk  
  102  7:25  Drone x7  
  102  7:27  Mutalisk  
  111  7:39  Mutalisk x2  
  111  7:46  Hatchery  
  111  7:47  Overlord  
  111  7:49  Baneling Nest  
  111  7:50  Zergling x14  
  116  7:53  Mutalisk x2  
  120  8:01  Mutalisk  
  122  8:09  Mutalisk x2  
  126  8:21  Mutalisk x2  
  130  8:28  Mutalisk  
  130  8:29  Zergling x12  
  130  8:33  Overlord  
  133  8:43  Mutalisk x2  
  136  8:52  Mutalisk  
  136  8:53  Zergling x14  
  144  8:58  Drone x2  
  144  9:02  Overlord  
  146  9:08  Extractor  
  146  9:09  Spore Crawler, Hatchery  
  143  9:11  Spore Crawler, Queen  
  143  9:13  Zerg Flyer Weapons Level 2, Zergling x6  
  145  9:18  Infestation Pit  
  145  9:20  Hatchery  
  143  9:28  Mutalisk x3  
  140  9:44  Mutalisk x3  
  137  10:00  Mutalisk x2  
  137  10:01  Overlord  
  137  10:06  Overlord  
  141  10:11  Drone x7  
  143  10:15  Mutalisk x2  
  147  10:21  Extractor  
  147  10:24  Hive, Extractor  
  145  10:36  Zergling x18  
  145  10:37  Mutalisk, Hatchery  
  145  10:41  Drone  
  155  11:00  Mutalisk x4  
  161  11:05  Zergling x12  
  161  11:06  Zergling x2  
  161  11:40  Drone x9  
  161  11:41  Drone x5  
  161  11:46  Overlord  
  165  11:50  Overlord  
  165  11:53  Corruptor  
  165  11:54  Corruptor x2  
  170  12:03  Overlord, Greater Spire  
  170  12:04  Zergling x14  
  169  12:12  Overlord  
  169  12:14  Zergling x14  
  170  12:35  Zergling x24  
Tags
 
Add a new tag
Caveats
  • Supply blocks, unpowered buildings, or Contaminate may cause inaccurate times.
  • Supply counts are checked every 10 seconds.